Unix NetHack Version 3.7.0-102 Work-in-progress - last build Apr 6 2024 13:22:21 (d302a6a9ff6341f1a922d8f5af178406b35fdf99,branch:master). Game began 2024-05-03 13:17:41, ended 2024-05-03 15:32:58. fstd, neutral male human Wizard ------- |.....| ----- ------------ |.....-###### |...| ----- ...........| |.....| ##### |...| |>..| -------- |..........| |..(..| # |...| |@M.| |......| #|..........| |......#########`#[<..| |...| |!.....| #....(......| ------- #--.-- |....#####-......| #|..........| ##### |...| -.------ #------.----- ## #-.-.- ## # # ###### ######## # # # #--.-- ## # # |...| ## --------- # # |).{| ## |%......| # # |...|######## # |.......| # # |...-####---|--% |.......| --.--------.--- |.).| #|..e..#########........| |........{..... ----- +....|# --------- |......{......| |....-# --------------- ------ Fstd the Thaumaturge St:11 Dx:17 Co:14 In:18 Wi:10 Ch:11 Neutral S:3806 Dlvl:7 $:50 HP:0(48) Pw:6(71) AC:6 Xp:7 T:4679 Satiated Burdened Latest messages: You kill the yeti! You stop. The dog is in the way! You try to feel what is lying here on the floor. You feel here a yeti corpse. There is a yeti corpse here; eat it? [ynq] (n) y This yeti corpse tastes okay. You stop eating the yeti corpse. There is a partly eaten yeti corpse here; eat it? [ynq] (n) y You resume your meal. The wolf bites! You stop eating the yeti corpse. In what direction? j The spell misses it. The wolf bites! You don't have enough energy to cast that spell. You hit it. The wolf bites! You don't have enough energy to cast that spell. You hit it. The wolf bites! The wolf bites! You don't have enough energy to cast that spell. You hit it. The wolf bites! You hit it. The wolf bites! You kill the wolf! There is a partly eaten yeti corpse here; eat it? [ynq] (n) y You resume your meal. You finish eating the yeti corpse. A chickatrice suddenly appears! A chickatrice suddenly appears! What do you want to remove? [den or ?*] n You can see again. The chickatrice bites! The chickatrice touches you! In what direction? j The spell hits it. You kill the chickatrice! The human mummy hits! The human mummy hits again! You hit it. The human mummy hits! The human mummy hits again! You miss it. The human mummy hits! The human mummy hits again! The human mummy hits! You die... Do you want your possessions identified? [ynq] (y) q Inventory: Coins ('$') $ - 50 gold pieces Weapons (')') g - 7 uncursed +0 darts a - a blessed +1 quarterstaff (weapon in hands) Armor ('[') b - an uncursed +0 cloak of magic resistance (being worn) z - an uncursed +0 studded leather armor (being worn) Comestibles ('%') f - an uncursed food ration N - an uncursed tripe ration Scrolls ('?') i - an uncursed scroll of scare monster Potions ('!') L - an uncursed potion of water Rings ('=') e - an uncursed ring of free action (on left hand) d - an uncursed ring of shock resistance (on right hand) Wands ('/') M - an uncursed wand of magic missile (0:4) c - an uncursed wand of teleportation (0:5) Tools ('(') u - an uncursed oilskin sack containing 32 items n - an uncursed blindfold l - an uncursed oil lamp Z - an uncursed skeleton key K - an uncursed wax candle Contents of the oilskin sack: 22 gold pieces 19 uncursed +0 darts an uncursed +0 elven dagger an uncursed +0 orcish helm an uncursed +0 pair of iron shoes an uncursed +0 alchemy smock with text "Kiss the cook" an uncursed apple an uncursed fortune cookie 2 uncursed lembas wafers 2 uncursed lichen corpses 3 uncursed scrolls of teleportation a cursed scroll of enchant weapon an uncursed scroll of enchant weapon an uncursed scroll of destroy armor an uncursed scroll of light 2 uncursed scrolls of identify a blessed scroll of identify an uncursed scroll of stinking cloud an uncursed potion of see invisible 4 uncursed potions of healing a blessed potion of extra healing a blessed potion of confusion 2 uncursed potions of fruit juice a potion of holy water an uncursed potion of water an uncursed ring of levitation an uncursed magic marker (0:22) an uncursed obsidian stone an uncursed worthless piece of orange glass an uncursed worthless piece of red glass an uncursed worthless piece of white glass 2 uncursed worthless pieces of yellow glass Fstd the Wizard's attributes: Background: You were a Thaumaturge, a level 7 male human Wizard. You were neutral, nominally on a mission for Thoth who was opposed by Ptah (lawful) and Anhur (chaotic). You were right-handed. You were in the Dungeons of Doom, on level 7. You entered the dungeon 4679 turns ago. You had 846 experience points, 434 more were needed to attain level 8. Your score was 3806 before end-of-game adjustments. Basics: You had 0 out of 48 hit points. You had 6 out of 71 energy points (spell power). Your armor class was 6. Your wallet contained 50 zorkmids, and you had 22 more stashed away in your pack. Autopickup was on for '$"?!=+/(*' plus thrown, with exceptions. Final Characteristics: Your strength was 11 (limit:18/100). Your dexterity was 17 (limit:18). Your constitution was 14 (limit:18). Your intelligence was 18 (limit:18). Your wisdom was 10 (limit:18). Your charisma was 11 (limit:18). Final Status: You were satiated. You were burdened; movement was slightly slowed. You were wielding a quarterstaff. You had basic skill with quarterstaff and could have enhanced that. Final Attributes: You were piously aligned. You were magic-protected. You were shock resistant. Your items were protected from electric shocks. You were poison resistant. You were telepathic. You were warded. You had free action. You are dead. Miscellaneous: You disabled loading of bones levels. Total elapsed playing time was 46 minutes and 3 seconds. Major events: Turn 1: fstd the neutral male human Wizard entered the dungeon 1020: attained the rank of Conjurer (level 3) 1473: entered the Gnomish Mines 3422: attained the rank of Thaumaturge (level 6) 3729: reached Mine Town 4679: killed by a human mummy Vanquished creatures: 4 wolves a leprechaun a yeti a chickatrice a dingo 2 Mordor orcs a yellow light a violet fungus 3 gnome leaders a kobold mummy 2 gray oozes 5 giant ants 2 little dogs 3 floating eyes a kitten 3 dwarves 2 homunculi a hill orc a rothe 2 giant bats an orc zombie a wererat a werejackal an iguana 2 acid blobs 2 hobbits 2 manes a hobgoblin 2 cave spiders 2 brown molds a red mold 12 gnomes a garter snake a gnome zombie 3 geckos 7 jackals 2 kobolds 2 goblins 3 sewer rats 2 grid bugs 5 lichens 7 newts 99 creatures vanquished. No species were genocided or became extinct. Voluntary challenges: You were an atheist. You read items or engraved 1 time. You never engraved Elbereth. You never genocided any monsters. You never polymorphed an object. You never changed form. You used no wishes. Achievements: You entered a shop. You attained the rank of Conjurer. You entered the Gnomish Mines. You attained the rank of Thaumaturge. You entered Minetown. The Dungeons of Doom: levels 1 to 8 Level 1: Level 2: Some fountains, a grave. Level 3: Level 4: Stairs down to The Gnomish Mines. Level 5: A fountain. Level 6: A fountain. Level 7: <- You were here. Some fountains, a sink. Final resting place for you, killed by a human mummy. Level 8: The Gnomish Mines: levels 5 to 7 Level 5: Level 6: Level 7: Game over: ---------- / \ / REST \ / IN \ / PEACE \ / \ | fstd | | 72 Au | | killed by a | | human mummy | | | | | | 2024 | *| * * * | * _________)/\\_//(\/(/\)/\//\/|_)_______ Goodbye fstd the Wizard... You died in The Dungeons of Doom on dungeon level 7 with 3799 points, and 72 pieces of gold, after 4679 moves. You were level 7 with a maximum of 48 hit points when you died.